 Dungeon Crawl Stone Soup version 0.27-a0-1299-g1ab19c6527 (webtiles) character file.

Game seed: 10607444927090706337

12372 Impy the Fanfare of Bloodshed (level 11, -2/86 HPs)
             Began as a Demonspawn Gladiator on June 16, 2021.
             Was a Believer of Makhleb.
             Slain by a molten gargoyle (10 damage)
             ... on level 2 of the Lair of Beasts.
             The game lasted 00:49:09 (10178 turns).

Impy the Fanfare of Bloodshed (DsGl)               Turns: 10178, Time: 00:49:09

Health: -2/86      AC: 14    Str: 22    XL:     11   Next: 61%
Magic:  0/27       EV: 16    Int: 12    God:    Makhleb [**....]
Gold:   181        SH:  5    Dex: 14    Spells: 10/10 levels left

rFire    . . .     SeeInvis .   l - +9 flail (protect)
rCold    . . .     Faith    .   y - +0 buckler
rNeg     . . .     Spirit   +   v - +0 leather armour of Integrity {Regen+}
rPois    .         Reflect  .   (helmet restricted)
rElec    .         Harm     .   g - +2 cloak
rCorr    .         Rampage  .   m - +0 pair of gloves
Will     .....                  (no boots)
Stlth    +.........             e - amulet of guardian spirit
HPRegen  1.24/turn              k - +6 ring of strength
MPRegen  0.40/turn              j - ring of magical power

@: under a protective aura
A: antennae 2, icemail 1, magic regeneration, sturdy frame 1, condensation
shield
a: Renounce Religion, Minor Destruction


You were on level 2 of the Lair of Beasts.
You worshipped Makhleb.
Makhleb was pleased with you.
You visited 2 branches of the dungeon, and saw 10 of its levels.
You also visited: Volcano.

You collected 514 gold pieces.
You spent 333 gold pieces at shops.

Inventory:

Hand Weapons
 a - a +0 war axe of flaming
 d - a +3 quarterstaff of chaos
 l - a +9 flail of protection (weapon)
Armour
 b - a +1 leather armour
 c - a +0 helmet
 g - a +2 cloak (worn)
 i - a scarf of shadows
 m - a +0 pair of gloves (worn)
 v - the +0 leather armour of Integrity (worn) {Regen+}
   (You bought it in a shop on level 8 of the Dungeon)

   It increases your rate of health regeneration.
 y - a +0 buckler (worn)
Jewellery
 e - an amulet of guardian spirit (around neck)
 j - a ring of magical power (right hand)
 k - a +6 ring of strength (left hand)
 o - a ring of wizardry
 r - a ring of magical power
 t - a ring of protection from fire
 z - a ring of magical power
Wands
 h - a wand of mindburst (15)
 A - a wand of flame (19)
Scrolls
 f - 2 scrolls of amnesia
 n - a scroll of magic mapping
 q - a scroll of identify
 s - a scroll of brand weapon
 w - a scroll of enchant weapon
Potions
 p - a potion of brilliance
 u - a potion of ambrosia


   Skills:
 + Level 7.8 Fighting
 - Level 7.4(8.9) Axes
 + Level 7.4(8.9) Maces & Flails
 - Level 1.7 Throwing
 - Level 0.3 Armour
 + Level 8.5 Dodging
 - Level 5.0 Shields
 - Level 10.2 Invocations


You had 10 spell levels left.
You didn't know any spells.
Your spell library contained the following spells:

 Spells                   Type           Power      Damage    Failure   Level
 Animate Skeleton         Necr           0%         N/A       34%         1
 Magic Dart               Conj           0%         1d3       34%         1
 Pain                     Necr           0%         1d4       34%         1
 Shock                    Conj/Air       0%         1d3       34%         1
 Searing Ray              Conj           0%         3d3       45%         2
 Static Discharge         Conj/Air       0%         N/A       45%         2
 Dazzling Flash           Conj/Hex       0%         N/A       71%         3
 Swiftness                Air            0%         N/A       71%         3
 Vampiric Draining        Necr           0%         2d6       71%         3
 Airstrike                Air            0%         N/A       98%         4
 Animate Dead             Necr           0%         N/A       98%         4
 Fulminant Prism          Conj/Hex       0%         3d6       98%         4
 Iskenderun's Mystic Bla  Conj/Tloc      0%         2d3       98%         4
 Agony                    Necr           0%         N/A       100%        5
 Lightning Bolt           Conj/Air       0%         1d11      100%        5


Dungeon Overview and Level Annotations

Branches:
Dungeon (8/15)             Temple (0/1) D:4            Lair (2/6) D:8
Volcano (visited)
  Swamp: Lair:2-4    Shoals: Lair:2-4     Snake: Lair:2-4    Spider: Lair:2-4

Altars:
Ashenzari
Cheibriados
Kikubaaqudgha
Makhleb
Qazlal
Ru
Sif Muna
Yredelemnul

Shops:
D:8 [[(*

Annotations:
D:6 2 transporters
Lair:1 exclusion: oklob plant


Innate Abilities, Weirdness & Mutations

You have a pair of antennae on your head.
A meltable icy envelope protects you from harm. (AC +0)
You regenerate magic rapidly.
Your movements are slightly less encumbered by armour. (ER -2)
A meltable shield of frost defends you. (SH +0)


Message History

The bolt of magma hits the fire elemental!
The fire elemental partially resists.
The bolt of magma hits you!! The fire elemental closely misses you.
You see here a +0 spear.
You block the fire elemental's attack.
The fire elemental disappears in a puff of smoke!
There is a large open door here.
As you close the large door, it creaks loudly!
A deep elf pyromancer opens the large door.
There is a rocky tunnel leading out of this place here.
You hit the molten gargoyle.
Your weapon exudes an aura of protection.
The molten gargoyle is lightly damaged.
The molten gargoyle closely misses you.
You sock the molten gargoyle!
The molten gargoyle is heavily damaged.
You miss the deep elf pyromancer.
The molten gargoyle blasts magma at you!
The bolt of magma hits you!! The deep elf pyromancer hits you.
You bludgeon the deep elf pyromancer!!
The deep elf pyromancer is heavily wounded.
The molten gargoyle hits you with a +0 mace!
* * * LOW HITPOINT WARNING * * *
You are engulfed in flames!
* * * LOW HITPOINT WARNING * * *
The deep elf pyromancer hits you.
* * * LOW HITPOINT WARNING * * *
The molten gargoyle hits you with a +0 mace.
* * * LOW HITPOINT WARNING * * *
You are engulfed in flames!
* * * LOW HITPOINT WARNING * * *
The deep elf pyromancer hits you but does no damage.
Welcome back to the Lair of Beasts!
There is a collapsed entrance here.
Why would you want to do that?
Unknown command.
You hit the deep elf pyromancer.
The deep elf pyromancer is severely wounded.
The molten gargoyle hits you with a +0 mace!
You die...

*,,* ##.#P..P# * *,,*
#####.#...#####**** *,,**
#P.............#,** *,,,*
#...............,** **,**
#...##.........#,,* *,*
#...##.........#,,, **,*
#...##.........#**, **,,*
#9e.###........# *, *,,**
##@## #........# ** **,,*
*#≈#* ####.#P##* *,,,* *≈≈≈*
*,*** **,,* #≈≈## *,** *,,,**
#..# *,,** **,*,*
#..#******,,,****
**,*,*****#...*,,,,,,,,,,,***
**,,,,,,,,*#...*,,,,,,,,,,,,,,
*,,,,,,,,,,*,,,,,,,,,,,,,,,,,,


You could see a deep elf pyromancer and a molten gargoyle.

Vanquished Creatures
  A hydra (Lair:1)
  A hell knight (Volcano)
  3 salamanders (Volcano)
  A cyclops (Volcano)
  A komodo dragon (Lair:1)
  3 cane toads (Lair:1)
  A basilisk (Lair:1)
  15 yaks
  A steam dragon (D:8)
  Menkaure (D:5)
  2 water moccasins (Lair:1)
  Duvessa (D:6)
  A black bear (D:5)
  A sky beast (D:7)
  2 orc warriors (D:7)
  3 ice beasts
  A necrophage (D:5)
  An ogre (D:4)
  4 wolves (Lair:1)
  2 centaurs (D:7)
  A kobold brigand (D:8)
  Blork the orc (D:4)
  8 bullfrogs
  2 scorpions
  Dowan (D:6)
  2 howler monkeys (D:8)
  A centaur zombie (D:8)
  2 hounds
  4 orc priests
  A jelly (D:6)
  Crazy Yiuf (D:2)
  A centaur skeleton (D:7)
  Jessica (D:2)
  A bullfrog skeleton (D:7)
  2 iguanas
  9 orc wizards
  2 killer bee zombies (D:6)
  Robin (D:4)
  6 gnolls
  8 adders
  2 river rats (D:5)
  A white imp (D:4)
  An ufetubus (D:5)
  2 adder skeletons
  2 worms
  3 dart slugs
  17 orcs
  3 endoplasms
  5 giant cockroaches
  15 goblins
  4 hobgoblins
  5 jackals (D:2)
  3 quokkas (D:4)
  6 ball pythons
  6 bats
  3 frilled lizards
  10 kobolds
  2 rats (D:3)
191 creatures vanquished.

Vanquished Creatures (collateral kills)
  Harold (D:8)
  A hydra (Lair:1)
  A two-headed ogre (D:8)
  The ghost of sn0wgr3 the Fighter, a novice GrFi (D:7)
  A cyclops (Volcano)
  A salamander (Volcano)
  A cane toad (Lair:1)
  A komodo dragon (Lair:1)
  Eustachio (D:6)
  An ice beast (D:6)
  2 orc warriors (D:8)
  A black bear (D:8)
  A necrophage (D:6)
  An ogre (D:7)
  2 bullfrogs
  A gnoll sergeant (D:6)
  An orc wizard (D:6)
  A killer bee zombie (D:8)
  5 gnolls (D:6)
  2 white imps (D:8)
  6 orcs
33 creatures vanquished.

Vanquished Creatures (others)
  18 fungi
  22 plants
40 creatures vanquished.

Grand Total: 264 creatures vanquished

Notes
Turn   | Place    | Note
-------+----------+-------------------------------------------
     0 | D:1      | Impy the Demonspawn Gladiator began the quest for the Orb.
     0 | D:1      | Reached XP level 1. HP: 16/16 MP: 1/1
   636 | D:1      | Gained mutation: You have a pair of small antennae on your
                  | head. [demonic ancestry]
   636 | D:1      | Reached XP level 2. HP: 21/22 MP: 2/2
  1363 | D:2      | Reached XP level 3. HP: 27/27 MP: 3/3
  1388 | D:2      | Noticed Jessica
  1395 | D:2      | Killed Jessica
  1554 | D:2      | Found a faded altar of an unknown god.
  1561 | D:2      | Became a worshipper of Makhleb the Destroyer
  1561 | D:2      | Reached * piety under Makhleb
  1677 | D:2      | Gained mutation: Your movements are slightly less
                  | encumbered by armour. (ER -2) [demonic ancestry]
  1677 | D:2      | Reached XP level 4. HP: 32/34 MP: 4/4
  1827 | D:2      | Reached skill level 1 in Invocations
  2112 | D:2      | Found a runed translucent door.
  2113 | D:2      | Noticed Crazy Yiuf
  2123 | D:2      | Killed Crazy Yiuf
  2223 | D:3      | Reached XP level 5. HP: 23/39 MP: 6/6
  2632 | D:3      | Found a shimmering blue altar of Sif Muna.
  2923 | D:3      | Reached skill level 2 in Invocations
  2990 | D:3      | Found a sacrificial altar of Ru.
  3115 | D:4      | Noticed an ogre
  3127 | D:4      | Killed an ogre
  3128 | D:4      | Reached skill level 3 in Invocations
  3137 | D:4      | HP: 1/39 [gnoll (7)]
  3476 | D:4      | Noticed Blork the orc
  3491 | D:4      | Killed Blork the orc
  3492 | D:4      | Reached XP level 6. HP: 30/46 MP: 4/8
  3504 | D:4      | Found a staircase to the Ecumenical Temple.
  3708 | D:4      | Reached ** piety under Makhleb
  3876 | D:4      | Reached skill level 4 in Invocations
  4110 | D:4      | Found a snail-covered altar of Cheibriados.
  4120 | D:4      | Noticed Robin
  4135 | D:4      | Killed Robin
  4218 | D:5      | Entered Level 5 of the Dungeon
  4238 | D:5      | Gained mutation: You regenerate magic rapidly. [demonic
                  | ancestry]
  4238 | D:5      | Reached XP level 7. HP: 44/51 MP: 7/10
  4251 | D:5      | Reached skill level 5 in Axes
  4251 | D:5      | Reached skill level 5 in Dodging
  4251 | D:5      | Reached skill level 5 in Invocations
  4631 | D:5      | Noticed Menkaure
  4637 | D:5      | Killed Menkaure
  4891 | D:5      | Reached skill level 6 in Invocations
  4905 | D:5      | Reached *** piety under Makhleb
  4906 | D:5      | Gained mutation: A meltable shield of frost defends you.
                  | (SH +0) [demonic ancestry]
  4906 | D:5      | Reached XP level 8. HP: 57/57 MP: 12/12
  5370 | D:5      | Found a stormy altar of Qazlal.
  5482 | D:6      | Noticed Eustachio
  5596 | D:6      | Noticed Dowan
  5609 | D:6      | Killed Dowan
  5630 | D:6      | Reached skill level 7 in Invocations
  5642 | D:6      | Killed Eustachio
  5648 | D:6      | Noticed Duvessa
  5660 | D:6      | Killed Duvessa
  5776 | D:6      | Found a transporter.
  5868 | D:6      | Found a transporter.
  6255 | D:7      | Reached skill level 8 in Invocations
  6578 | D:7      | Gained mutation: A meltable icy envelope protects you from
                  | harm. (AC +0) [demonic ancestry]
  6578 | D:7      | Reached XP level 9. HP: 42/62 MP: 15/15
  6929 | D:7      | Found an ancient bone altar of Kikubaaqudgha.
  7101 | D:7      | Reached skill level 9 in Invocations
  7123 | D:7      | Found a basalt altar of Yredelemnul.
  7275 | D:7      | Found a large runed translucent door.
  7276 | D:7      | Found a large runed translucent door.
  7278 | D:7      | Noticed sn0wgr3's ghost (novice GrFi)
  7301 | D:7      | Found a broken altar of Ashenzari.
  7457 | D:7      | Killed sn0wgr3's ghost
  7458 | D:7      | Reached skill level 1 in Maces & Flails
  7811 | D:8      | Found Dynnog's Antique Weapon Shop.
  7885 | D:8      | Noticed Harold
  7902 | D:8      | Killed Harold
  7907 | D:8      | Reached skill level 10 in Invocations
  7919 | D:8      | Reached XP level 10. HP: 11/72 MP: 9/17
  7932 | D:8      | Noticed a two-headed ogre
  7937 | D:8      | Killed a two-headed ogre
  8262 | D:8      | Found Dudinn's Antique Armour Shop.
  8270 | D:8      | Bought a brightly glowing leather armour for 189 gold
                  | pieces
  8270 | D:8      | Identified the +0 leather armour of Integrity {Regen+} (You
                  | bought it in a shop on level 8 of the Dungeon)
  8321 | D:8      | Found a staircase to the Lair.
  8508 | D:8      | Found Iworghou's Assorted Antiques.
  8697 | D:8      | Found Osedgh's Antique Armour Shoppe.
  8702 | D:8      | Bought a buckler for 144 gold pieces
  8737 | Lair:1   | Entered Level 1 of the Lair of Beasts
  8760 | Lair:1   | Reached skill level 1 in Shields
  8828 | Lair:1   | Reached skill level 5 in Fighting
  8828 | Lair:1   | Reached skill level 5 in Maces & Flails
  8998 | Lair:1   | Noticed a cane toad
  9007 | Lair:1   | Killed a cane toad
  9063 | Lair:1   | Noticed a cane toad
  9072 | Lair:1   | Killed a cane toad
  9150 | Lair:1   | Noticed a six-headed hydra
  9156 | Lair:1   | Killed a six-headed hydra
  9181 | Lair:1   | Noticed a cane toad
  9188 | Lair:1   | Killed a cane toad
  9189 | Lair:1   | Reached skill level 5 in Shields
  9225 | Lair:1   | Gained mutation: You have a pair of antennae on your head.
                  | [demonic ancestry]
  9225 | Lair:1   | Reached XP level 11. HP: 81/81 MP: 18/18
  9260 | Lair:1   | Noticed a five-headed hydra
  9268 | Lair:1   | Killed a five-headed hydra
  9476 | Lair:1   | Noticed an oklob plant
  9896 | Lair:2   | Found a dark tunnel.
  9903 | Volcano  | Entered a volcano
 10008 | Volcano  | HP: 3/126 [salamander (4)]
 10012 | Volcano  | HP: 1/84 [poisoned by a salamander]
 10124 | Volcano  | Noticed a hell knight
 10134 | Volcano  | Noticed a deep elf pyromancer
 10135 | Volcano  | Killed a hell knight
 10135 | Volcano  | Noticed a deep elf pyromancer
 10178 | Lair:2   | Slain by a molten gargoyle

Illustrated notes

Levels and vault maps discovered:
D:1:      minmay_arrival_stair_chambers, layout_basic
D:2:      layout_basic, dilly_ecumenical_altar_fadedgnrine,
          uniq_crazy_yiuf_cottage, uniq_jessica
D:3:      layout_loops_ring, overflow_temple_1_default, nicolae_ru_path_of_blood
D:4:      layout_loops_cross, general_overflow_altar,
          minmay_temple_entry_large_hall, uniq_robin, uniq_blork_the_orc
D:5:      layout_loops_ring, nicolae_overflow_hidden_temple,
          cheibrodos_sewer_entry_sluice, minmay_misc_feat_four_crosses,
          uniq_menkaure
D:6:      gammafunk_steamed_eel, layout_rooms, uniq_duvessa, uniq_eustachio
D:7:      layout_cave_pools, kiku_gazebo_pond_becter, evilmike_ruin_ashenzari,
          kennysheep_little_box, ebering_ghost_disaster_area
D:8:      layout_rooms, grunt_lair_entry_orc_guard_hut, serial_shops,
          nicolae_shop_waterfront, shop, shop, nicolae_shop_crystal,
          minivault_23, uniq_harold
Lair:1:   layout_regular_city, minmay_lair_oklob_items,
          chequers_serial_rivers_micro_d, grunt_megastairs_1, lemuel_fruit_tree,
          infiniplex_staircase_pool
Lair:2:   layout_roguey, nicolae_volcano_entry_two_sided, uniq_maggie

Skill      XL: |  1  2  3  4  5  6  7  8  9 10 11 |
---------------+----------------------------------+-----
Axes           | 3 4 5 6 7 |  7.4
Dodging        | 3 4 5 6 7 8 |  8.5
Invocations    | 1 3 4 6 8 10 | 10.2
Fighting       | 4 6 7 |  7.8
Maces & Flails | 4 6 7 |  7.4
Shields        | 5 |  5.0
Throwing       | |  1.7
Armour         | |  0.3

Action                   |  1- 3 |  4- 6 |  7- 9 | 10-12 || total
-------------------------+-------+-------+-------+-------++-------
Melee: War axe           |    69 |   155 |   275 |     4 ||   503
       Flail             |       |       |     8 |   208 ||   216
Throw: Throwing net      |     6 |     4 |     2 |     2 ||    14
Invok: Minor Destruction |       |       |     5 |    10 ||    15
       Lesser Servant of |       |       |    12 |    10 ||    22
  Use: Potion            |       |    11 |     7 |     1 ||    19
       Scroll            |       |     9 |     2 |     3 ||    14
 Stab: Held in net/web   |     1 |     4 |       |     1 ||     6
       Sleeping          |     1 |     1 |       |       ||     2
       Invisible         |       |     2 |       |       ||     2
       Distracted        |       |       |     3 |     1 ||     4
Armor: Leather armour    |    29 |    42 |   132 |    43 ||   246
Dodge: Dodged            |    70 |   106 |   252 |   107 ||   535
Block: Other             |       |       |    37 |     2 ||    39
       Buckler           |       |       |       |    80 ||    80

Table legend: (Time is in decaauts)
 A = Elapsed time spent in this place.
 B = Non-inter-level travel time spent in this place.
 C = Inter-level travel time spent in this place.
 D = Time resting spent in this place.
 E = Time spent auto-exploring this place.
 F = Levels seen in this place.
 G = Mean time per level.
                   A        B        C        D        E       F      G
               +--------+--------+--------+--------+--------+-----+--------+
         Total |  10273 |   9995 |    278 |      0 |   7797 |  11 |  933.9 |
       Dungeon |   8815 |   8556 |    259 |      0 |   6883 |   8 | 1101.9 |
          Lair |   1172 |   1153 |     19 |      0 |    787 |   2 |  586.0 |
       Volcano |    284 |    284 |      0 |      0 |    127 |   1 |  284.0 |
               +--------+--------+--------+--------+--------+-----+--------+

Top non-repeatable levels by time:
     D:7: 1597 daAuts
     D:1: 1337 daAuts
     D:3: 1188 daAuts
     D:4: 1139 daAuts
  Lair:1: 1088 daAuts
     D:5: 1076 daAuts
     D:6: 920 daAuts
     D:2: 869 daAuts
     D:8: 685 daAuts
 Volcano: 284 daAuts
  Lair:2: 84 daAuts
